 Dungeon Crawl Stone Soup version 0.27-a0-346-ga689d4a613 (webtiles) character file.

Game seed: 11113860022861830184

14430 jestyr24 the Thaumaturge (level 11, -10/61 HPs)
             Began as a Deep Elf Conjurer on Feb 15, 2021.
             Was a High Priest of Vehumet.
             Mangled by a large slime creature (39 damage)
             ... on level 12 of the Dungeon.
             The game lasted 01:37:20 (12990 turns).

jestyr24 the Thaumaturge (Deep Elf Conjurer)       Turns: 12990, Time: 01:37:22

Health: -10/61     AC: 14    Str:  4    XL:     11   Next: 88%
Magic:  11/30      EV: 16    Int: 27    God:    Vehumet [*****.]
Gold:   699        SH:  0    Dex: 13    Spells: 27/36 levels left

rFire    . . .     SeeInvis +   n - +9 sword of Zonguldrok {reap}
rCold    . . .     Faith    .   (no shield)
rNeg     . . .     Spirit   .   z - +2 robe of Vines {NoPotionHeal Regen+++}
rPois    .         Reflect  .   K - +2 hat {Will+}
rElec    .         Harm     .   u - +1 cloak
rCorr    .         Rampage  .   (no gloves)
Will     +++..                  E - +5 pair of boots of the Eternal Fruit {+Inv SInv}
Stlth    ++++......             g - amulet of regeneration
HPRegen  4.20/turn              p - ring of wizardry
MPRegen  0.22/turn              j - ring of willpower

@: no status effects
A: no striking features
a: Renounce Religion, Evoke Invisibility


You were on level 12 of the Dungeon.
You worshipped Vehumet.
Vehumet was extremely pleased with you.
You visited 2 branches of the dungeon, and saw 13 of its levels.

You collected 699 gold pieces.

Inventory:

Hand Weapons
 m - a +2 dagger of speed
 n - the +9 sword of Zonguldrok (weapon) {reap}
   (You took it off a centaur on level 8 of the Dungeon)

   If a monster killed with it leaves a corpse in good enough shape, the corpse
   is reanimated as a zombie friendly to the killer.
 t - a +3 quarterstaff of chaos
 C - the +2 rapier of Beastly Integrity {vorpal, +Blink rN+}
   (You found it on level 7 of the Dungeon)

   It inflicts extra damage upon your enemies.
   It protects you from negative energy.
   It lets you blink.
Missiles
 q - 64 sling bullets
Armour
 a - a +0 robe
 u - a +1 cloak (worn)
 v - a +0 kite shield
 z - the +2 robe of Vines (worn) {NoPotionHeal Regen+++}
   (You took it off an orc on level 8 of the Dungeon)

   It increases your rate of regeneration.
 E - the +5 pair of boots of the Eternal Fruit (worn) {+Inv SInv}
   (You found it on level 7 of the Dungeon)

   It lets you see invisible.
   It lets you turn invisible.
 H - a +0 helmet
 J - a +1 hat
 K - a +2 hat of willpower (worn)
Jewellery
 g - an amulet of regeneration (around neck)
 j - a ring of willpower (right hand)
 p - a ring of wizardry (left hand)
 F - an amulet of the acrobat
Wands
 d - a wand of acid (9)
 s - a wand of polymorph (22)
 G - a wand of charming (22)
 I - a wand of flame (30)
 M - a wand of random effects (20)
 N - a wand of iceblast (5)
Scrolls
 c - 7 scrolls of identify
 e - 3 scrolls of enchant armour
 f - a scroll of acquirement {unknown}
 h - 2 scrolls of amnesia
 k - 9 scrolls of teleportation
 y - 2 scrolls of magic mapping
 B - 2 scrolls of immolation
 L - 4 scrolls of fog
Potions
 b - a potion of brilliance
 i - a potion of heal wounds
 l - 6 potions of curing {unknown}
 o - a potion of mutation {unknown}
 r - 4 potions of haste
 w - a potion of berserk rage {unknown}
 x - 4 potions of flight {unknown}
 A - a potion of resistance {unknown}
 D - 2 potions of lignification {unknown}


   Skills:
 + Level 4.2 Fighting
 - Level 1.7 Short Blades
 - Level 0.3 Staves
 - Level 2.0 Armour
 + Level 8.5 Dodging
 + Level 9.8 Stealth
 + Level 13.0 Spellcasting
 + Level 11.7 Conjurations
 + Level 5.9 Hexes
 + Level 3.4 Air Magic


You had 27 spell levels left.
You knew the following spells:

 Your Spells              Type           Power        Failure   Level
a - Magic Dart            Conj           100%         1%          1
b - Searing Ray           Conj           100%         1%          2
c - Fulminant Prism       Conj/Hex       30%          1%          4
d - Swiftness             Air            36%          1%          2

Your spell library contained the following spells:

 Spells                   Type           Power        Failure   Level
 Fireball                 Conj/Fire      24%          1%          5
 Sandblast                Erth           34%          1%          1
 Shock                    Conj/Air       100%         1%          1
 Blink                    Tloc           N/A          1%          2
 Call Imp                 Summ           17%          1%          2
 Passwall                 Tmut/Erth      14%          1%          2
 Slow                     Hex            49%          1%          2
 Confusing Touch          Hex            49%          1%          3
 Conjure Flame            Conj/Fire      49%          1%          3
 Dazzling Flash           Conj/Hex       100%         1%          3
 Mephitic Cloud           Conj/Pois/Air  45%          1%          3
 Static Discharge         Conj/Air       56%          1%          3
 Stone Arrow              Conj/Erth      98%          1%          3
 Airstrike                Air            18%          1%          4
 Iskenderun's Mystic Bla  Conj/Tloc      49%          1%          4
 Irradiate                Conj/Tmut      24%          1%          5
 Lightning Bolt           Conj/Air       28%          1%          5
 Yara's Violent Unravell  Hex/Tmut       16%          3%          5
 Gell's Gravitas          Tloc           8%           4%          3
 Lee's Rapid Deconstruct  Erth           8%           10%         5
 Metabolic Englaciation   Hex/Ice        16%          11%         5
 Petrify                  Tmut/Erth      17%          12%         4
 Hydra Form               Tmut           8%           86%         6
 Statue Form              Tmut/Erth      11%          86%         6
 Dragon Form              Tmut           8%           100%        7


Dungeon Overview and Level Annotations

Branches:
Dungeon (12/15)            Temple (1/1) D:6            Lair (0/6) D:8
    Orc: D:9-12

Altars:
Ashenzari
Cheibriados
Elyvilon
Fedhas
Gozag
Hepliaklqana
Kikubaaqudgha
Nemelex Xobeh
Okawaru
Qazlal
Sif Muna
Trog
Vehumet
Wu Jian
Xom
Zin
The Shining One

Shops:
D:4 :   D:6 (


Message History

Casting: Fulminant Prism (safe; 1% risk of failure)
Confirm with . or Enter, or press ? or * to list all spells.
Aiming: Searing Ray (safe; 1% risk of failure)
Press: ? - help, Shift-Dir - straight line You can't see that place. [a stone wall.]
Okay, then.
Casting: Searing Ray (safe; 1% risk of failure)
Confirm with . or Enter, or press ? or * to list all spells.
Aiming: Searing Ray (safe; 1% risk of failure)
Press: ? - help, Shift-Dir - straight line The searing ray hits the slime creature!
You kill the slime creature!
Vehumet accepts your kill.
You feel your power returning.
The searing ray hits the large slime creature!
The large slime creature is heavily wounded. (Press . to maintain the ray.)
The searing ray hits the large slime creature!!
The large slime creature is severely wounded.
The searing ray hits the slime creature!
You kill the slime creature!
Vehumet accepts your kill.
You feel your power returning.
The searing ray hits the large slime creature!
The large slime creature is severely wounded.
The searing ray hits the large slime creature!
The large slime creature is almost dead.
You finish channeling your searing ray.
The large slime creature hits you!!!
Ouch! That really hurt!
Casting: Searing Ray (safe; 1% risk of failure)
Confirm with . or Enter, or press ? or * to list all spells.
Aiming: Searing Ray (safe; 1% risk of failure)
Press: ? - help, Shift-Dir - straight line The searing ray hits the large slime creature!
The large slime creature is almost dead. (Press . to maintain the ray.)
The large slime creature hits you!!!
Ouch! That really hurt!
You die...

#.
.##.....^.........##
#.#.##.#.....##.######
<.).#........##..
.).#....###.... .
...#....###.### #..
#).####.....#
....###..# ###.###
#.....#######.#
###.)...J@.)..#
#.########### #. #


You could see a large slime creature.

Vanquished Creatures
  A two-headed ogre (D:8)
  Pikel (D:7)
  A deep elf pyromancer (D:12)
  2 deep elf zephyrmancers (D:10)
  An ice statue (D:11)
  A meliai (D:12)
  A hornet (D:9)
  5 slime creatures (D:12)
  A shadow (D:11)
  3 wyverns
  2 wraiths (D:7)
  2 steam dragons (D:9)
  A basilisk (D:8)
  14 yaks
  An acid dragon (D:11)
  A water moccasin (D:11)
  2 black bears (D:8)
  2 orc warriors
  3 sky beasts
  A swamp drake (D:10)
  5 ice beasts
  5 ogres
  16 centaurs
  A necrophage (D:7)
  2 phantoms
  3 kobold brigands
  11 bullfrogs
  3 scorpions
  3 killer bees (D:12)
  11 wights
  6 howler monkeys
  A crimson imp (D:10)
  7 hounds
  4 jellies
  3 bullfrog skeletons
  7 orc priests
  An iron imp (D:10)
  Crazy Yiuf (D:3)
  6 iguanas
  9 orc wizards
  Natasha (thrice) (D:2)
  11 worker ants
  2 hound zombies
  A hound skeleton (D:4)
  A worker ant zombie (D:6)
  Robin (D:2)
  12 adders
  3 gnolls (D:2)
  A shadow imp (D:10)
  2 white imps
  4 ufetubi
  2 oozes (D:3)
  An adder skeleton (D:7)
  An adder zombie (D:6)
  2 worms
  A dart slug (D:1)
  2 leopard geckos
  45 orcs
  A ball python (D:1)
  12 bats
  3 giant cockroaches
  16 goblins
  6 hobgoblins
  6 jackals
  8 quokkas
  5 frilled lizards
  A jackal skeleton (D:6)
  A jackal zombie (D:7)
  24 kobolds
  2 leopard gecko skeletons
  A quokka skeleton (D:7)
  6 rats
338 creatures vanquished.

Vanquished Creatures (others)
  A white imp (D:10)
  A quokka (D:7)
  57 fulminant prisms
  2 fungi
61 creatures vanquished.

Grand Total: 399 creatures vanquished

Notes
Turn   | Place    | Note
-------+----------+-------------------------------------------
     0 | D:1      | jestyr24 the Deep Elf Conjurer began the quest for the Orb.
     0 | D:1      | Reached XP level 1. HP: 10/10 MP: 6/6
   103 | D:1      | Reached XP level 2. HP: 15/15 MP: 0/8
   172 | D:1      | Learned a level 2 spell: Searing Ray
   308 | D:1      | Reached skill level 5 in Conjurations
   752 | D:1      | Reached XP level 3. HP: 19/19 MP: 6/9
  1258 | D:2      | Noticed an ice beast
  1262 | D:2      | Killed an ice beast
  1263 | D:2      | Reached XP level 4. HP: 24/24 MP: 4/11
  1314 | D:2      | Reached XP level 5. HP: 28/28 MP: 7/12
  1392 | D:2      | Noticed Natasha
  1404 | D:2      | Killed Natasha
  1405 | D:2      | Reached skill level 4 in Spellcasting
  1649 | D:2      | Noticed Robin
  1652 | D:2      | Killed Robin
  1733 | D:2      | Found a glowing golden altar of the Shining One.
  1769 | D:2      | Noticed Natasha
  1772 | D:2      | Killed Natasha
  1773 | D:2      | Reached skill level 1 in Short Blades
  1804 | D:2      | Noticed Natasha
  1808 | D:2      | Killed Natasha
  1809 | D:2      | Reached XP level 6. HP: 32/32 MP: 9/14
  1993 | D:2      | Learned a level 4 spell: Fulminant Prism
  2493 | D:3      | Found a runed translucent door.
  2494 | D:3      | Noticed Crazy Yiuf
  2499 | D:3      | Killed Crazy Yiuf
  2580 | D:3      | Reached skill level 5 in Spellcasting
  3253 | D:4      | Reached XP level 7. HP: 37/37 MP: 12/17
  3316 | D:4      | Found Jeuv's Book Shop.
  3743 | D:4      | Found an ancient bone altar of Kikubaaqudgha.
  3743 | D:4      | Found an opulent altar of Gozag.
  3917 | D:5      | Entered Level 5 of the Dungeon
  3947 | D:5      | Learned a level 2 spell: Swiftness
  4032 | D:5      | Reached skill level 6 in Spellcasting
  4263 | D:5      | Reached skill level 1 in Fighting
  4263 | D:5      | Reached skill level 1 in Air Magic
  4887 | D:5      | Reached XP level 8. HP: 43/43 MP: 13/19
  5572 | D:6      | Found a staircase to the Ecumenical Temple.
  5585 | Temple   | Entered the Ecumenical Temple
  5619 | Temple   | Became a worshipper of Vehumet
  5737 | D:6      | Found Ynic's Antique Weapon Emporium.
  5751 | D:6      | Reached skill level 5 in Stealth
  5754 | D:6      | Reached skill level 5 in Dodging
  5884 | D:6      | Reached skill level 7 in Spellcasting
  6022 | D:6      | Reached skill level 1 in Hexes
  6213 | D:6      | Found an opulent altar of Gozag.
  6982 | D:7      | Reached * piety under Vehumet
  6982 | D:7      | Offered knowledge of Sandblast by Vehumet.
  6988 | D:7      | Reached XP level 9. HP: 48/48 MP: 17/22
  7020 | D:7      | Reached skill level 8 in Spellcasting
  7084 | D:7      | Noticed Pikel
  7097 | D:7      | Killed Pikel
  7222 | D:7      | Identified the +4 scimitar of Untruth {freeze, rPois rC-
                  | Will+}
  7328 | D:7      | Reached skill level 9 in Spellcasting
  7335 | D:7      | Found a broken altar of Ashenzari.
  7336 | D:7      | Found a bloodstained altar of Trog.
  7337 | D:7      | Found a shimmering altar of Xom.
  7337 | D:7      | Found an opulent altar of Gozag.
  7560 | D:7      | Identified Tupheyvo's Grimoire of Moulding
  7564 | D:7      | Got a fading rapier
  7564 | D:7      | Got a bloodstained leather armour
  7566 | D:7      | Got a pair of pitted boots
  7577 | D:7      | Identified the +5 pair of boots of the Eternal Fruit {+Inv
                  | SInv} (You found it on level 7 of the Dungeon)
  7577 | D:7      | Identified the +2 rapier of Beastly Integrity {vorpal,
                  | +Blink rN+} (You found it on level 7 of the Dungeon)
  7588 | D:7      | Identified the +1 leather armour of Winter {Str+3} (You
                  | found it on level 7 of the Dungeon)
  7705 | D:7      | Reached ** piety under Vehumet
  7738 | D:7      | Found a white marble altar of Elyvilon.
  7867 | D:7      | Found a shimmering blue altar of Sif Muna.
  7869 | D:7      | Found a hazy altar of Hepliaklqana.
  7979 | D:7      | Offered knowledge of Freeze by Vehumet.
  8012 | D:7      | Reached XP level 10. HP: 54/54 MP: 25/25
  8315 | D:8      | Found a staircase to the Lair.
  8323 | D:8      | Reached skill level 1 in Armour
  8483 | D:8      | Noticed a two-headed ogre
  8491 | D:8      | Killed a two-headed ogre
  8492 | D:8      | Reached skill level 10 in Spellcasting
  8617 | D:8      | Reached skill level 10 in Conjurations
  9271 | D:8      | Found an opulent altar of Gozag.
  9476 | D:9      | Offered knowledge of Frozen Ramparts by Vehumet.
  9671 | D:9      | Reached *** piety under Vehumet
  9858 | D:9      | Found an ancient bone altar of Kikubaaqudgha.
  9863 | D:9      | Reached skill level 11 in Spellcasting
  9947 | D:9      | Offered knowledge of Conjure Flame by Vehumet.
 10127 | D:9      | Reached XP level 11. HP: 60/60 MP: 25/28
 10772 | D:10     | Entered Level 10 of the Dungeon
 10839 | D:10     | Reached **** piety under Vehumet
 10872 | D:10     | Noticed a deep elf zephyrmancer
 10875 | D:10     | Noticed a deep elf zephyrmancer
 10876 | D:10     | Killed a deep elf zephyrmancer
 10876 | D:10     | Offered knowledge of Iskenderun's Battlesphere by Vehumet.
 10884 | D:10     | Killed a deep elf zephyrmancer
 11618 | D:11     | Reached skill level 5 in Hexes
 11941 | D:11     | Reached skill level 12 in Spellcasting
 12692 | D:12     | Noticed a deep elf pyromancer
 12701 | D:12     | Killed a deep elf pyromancer
 12831 | D:12     | Reached ***** piety under Vehumet
 12861 | D:12     | Offered knowledge of Fireball by Vehumet.
 12980 | D:12     | Reached skill level 13 in Spellcasting
 12990 | D:12     | Mangled by a large slime creature

Illustrated notes

Levels and vault maps discovered:
D:1:      dpeg_arrival_shelter, layout_basic
D:2:      layout_loops_ring, lemuel_coloured_pillars_altar, uniq_natasha,
          uniq_robin
D:3:      layout_loops_ring, uniq_crazy_yiuf_cottage
D:4:      layout_loops_ring, gammafunk_temple_overflow_statue, serial_shops,
          shop
D:5:      layout_gridville
D:6:      layout_loops_corners, minmay_temple_entry_grid, basic_altar,
          serial_shops, shop, uniq_blork_the_orc
D:7:      minmay_the_grid_octo_tiled_squarecenter
          [minmay_the_grid_octo_odd_swirl, minmay_the_grid_octo_clover_2,
          minmay_the_grid_octo_shrine, minmay_the_grid_octo_vomiting_pacman,
          minmay_the_grid_square_5x5_megaprize_checkered,
          minmay_the_grid_square_5x5_eight_small,
          minmay_the_grid_square_5x5_inner_v,
          minmay_the_grid_square_5x5_checkered_statues,
          minmay_the_grid_square_5x5_hollow_slash], layout_basic,
          elyvilon_altar_4, chequers_temple_overflow_statue_of_worship,
          hangedman_abyss_or_decor_jellyfish_corner, uniq_pikel
D:8:      layout_basic, david_lair_generic, grunt_gozag_statues
D:9:      cheibrodos_steamvent, layout_basic, basic_altar, item_on_display_a
D:10:     layout_basic, hangedman_minor_magic
D:11:     minmay_statue_hallways, layout_long_grid
D:12:     lemuel_slime, layout_loops_ring, orc_0_dummy
Temple:   regret_index_temple_sphere_string

Skill      XL: |  1  2  3  4  5  6  7  8  9 10 11 |
---------------+----------------------------------+-----
Conjurations   | 5 6 7 8 9 10 11 | 11.7
Dodging        | 3 4 5 6 7 8 |  8.5
Spellcasting   | 4 5 6 7 9 11 13 | 13.0
Short Blades   | 1 |  1.7
Stealth        | 3 4 6 7 9 |  9.8
Fighting       | 1 2 3 4 |  4.2
Air Magic      | 1 3 |  3.4
Hexes          | 1 2 3 5 |  5.9
Armour         | 2 |  2.0
Staves         | |  0.3

Action                   |  1- 3 |  4- 6 |  7- 9 | 10-12 || total
-------------------------+-------+-------+-------+-------++-------
Melee: Unarmed           |     1 |       |       |       ||     1
       Dagger            |       |    41 |       |       ||    41
       Quarterstaff      |       |    12 |     8 |       ||    20
       Rapier            |       |       |    15 |     9 ||    24
       Double sword      |       |       |       |    35 ||    35
 Cast: Magic Dart        |    43 |     9 |    10 |    38 ||   100
       Searing Ray       |     8 |    28 |    73 |   100 ||   209
       Fulminant Prism   |       |       |    11 |    46 ||    57
       Swiftness         |       |       |       |     1 ||     1
  Use: Scroll            |       |       |    10 |     2 ||    12
       Potion            |       |       |       |     4 ||     4
 Stab: Sleeping          |       |     3 |     8 |     4 ||    15
Armor: Robe              |     6 |     5 |     9 |    32 ||    52
       Leather armour    |       |       |     4 |    17 ||    21
Dodge: Dodged            |    13 |    37 |    58 |    90 ||   198
       Rpst.: Double sword |       |       |       |    19 ||    19

Table legend: (Time is in decaauts)
 A = Elapsed time spent in this place.
 B = Non-inter-level travel time spent in this place.
 C = Inter-level travel time spent in this place.
 D = Time resting spent in this place.
 E = Time spent auto-exploring this place.
 F = Levels seen in this place.
 G = Mean time per level.
                   A        B        C        D        E       F      G
               +--------+--------+--------+--------+--------+-----+--------+
         Total |  13007 |  12127 |    880 |   2464 |   6116 |  13 | 1000.5 |
       Dungeon |  12902 |  12030 |    872 |   2464 |   6042 |  12 | 1075.2 |
        Temple |    104 |     96 |      8 |      0 |     74 |   1 |  104.0 |
               +--------+--------+--------+--------+--------+-----+--------+

Top non-repeatable levels by time:
     D:7: 1429 daAuts
     D:2: 1375 daAuts
     D:9: 1367 daAuts
     D:6: 1320 daAuts
     D:8: 1149 daAuts
     D:1: 1128 daAuts
     D:5: 1077 daAuts
    D:11: 1005 daAuts
     D:4: 929 daAuts
     D:3: 908 daAuts
    D:10: 833 daAuts
    D:12: 378 daAuts
  Temple: 104 daAuts
